NYP
VERMONT LAKE MONSTERS @ CONNECTICUT TIGERS
05/30/2044
 
TOP OF THE 1ST
Vermont Lake Monsters batting - Pitching for Connecticut Tigers : RHP Andy Miller
Pitching: RHP Andy Miller
Batting: RHB Ricardo Mariscal 0-0: Ball
1-0: Foul Ball, location: 2F
1-1: Ball
2-1: Called Strike
2-2: Foul Ball, location: 2F
2-2: Fly out, F8 (Flyball, 8RM, EV 92.5 MPH)
Batting: RHB Carlos Martinez 0-0: Called Strike
0-1: Swinging Strike
0-2: Foul Ball, location: 2F
0-2: Ground out 1-3 (Groundball, 13, EV 67.5 MPH)
Batting: LHB Jose Zamarripa 0-0: Called Strike
0-1: Foul Ball, location: 2F
0-2: Ball
1-2: Strikes out swinging
Top of the 1st over - 0 runs, 0 hits, 0 errors, 0 left on base; Vermont 0 - Connecticut 0
BOTTOM OF THE 1ST
Connecticut Tigers batting - Pitching for Vermont Lake Monsters : RHP Matt Constantino
Pitching: RHP Matt Constantino
Batting: RHB John Welch 0-0: Foul Ball, location: 2F
0-1: Ball
1-1: Foul Ball, location: 2F
1-2: Ball
2-2: Ball
3-2: Ground out 5-3 (Groundball, 56S, EV 70.6 MPH)
Batting: SHB Adam Weber 0-0: Foul Ball, location: 2F
0-1: Ball
1-1: Ball
2-1: Ground out 5-3 (Groundball, 56, EV 87.5 MPH)
Batting: RHB Eric Angelle 0-0: Called Strike
0-1: DOUBLE (Flyball, 8LXD, EV 110.0 MPH)
Batting: RHB Tanner Purchase 0-0: Called Strike
0-1: Fly out, F8 (Flyball, 89D, EV 77.5 MPH)
Bottom of the 1st over - 0 runs, 1 hit, 0 errors, 1 left on base; Vermont 0 - Connecticut 0
TOP OF THE 2ND
Vermont Lake Monsters batting - Pitching for Connecticut Tigers : RHP Andy Miller
Batting: RHB Chris Montgomery 0-0: Called Strike
0-1: Foul Ball, location: 2F
0-2: Ball
1-2: SOLO HOME RUN (Flyball, 78XD, EV 107.5 MPH), Distance : 431 ft
Batting: LHB Youp van Erp 0-0: Foul Ball, location: 2F
0-1: Ball
1-1: Ball
2-1: Called Strike
2-2: Ground out 4-3 (Groundball, 4, EV 81.9 MPH)
Batting: RHB Lu Tieh 0-0: DOUBLE (Line Drive, 7LS, EV 106.9 MPH)
Batting: RHB Yasuzo Rin 0-0: Ball
Lu Tieh steals 3rd base
1-0: Foul Ball, location: 2F
1-1: SINGLE (Groundball, 56D, EV 103.8 MPH)
Lu Tieh scores
Batting: LHB Mario Cardona 0-0: Ball
1-0: Called Strike
1-1: Ball
2-1: Foul Ball, location: 2F
2-2: Fly out, F7 (Flyball, 7, EV 95.0 MPH)
Batting: RHB Liangde Tseng 0-0: Ball
Yasuzo Rin steals 2nd base
1-0: Ball
2-0: Foul Ball, location: 2F
2-1: Foul Ball, location: 2F
2-2: Strikes out swinging
Top of the 2nd over - 2 runs, 3 hits, 0 errors, 1 left on base; Vermont 2 - Connecticut 0
BOTTOM OF THE 2ND
Connecticut Tigers batting - Pitching for Vermont Lake Monsters : RHP Matt Constantino
Batting: RHB Brandon O'Malley 0-0: Ground out 6-3 (Groundball, 6D, EV 107.5 MPH)
Batting: RHB Jordan Hall 0-0: Called Strike
0-1: Called Strike
0-2: Ball
1-2: Strikes out swinging
Batting: RHB Billy Verdusco 0-0: Ball
1-0: Called Strike
1-1: Foul Ball, location: 2F
1-2: Ball
2-2: Foul Ball, location: 2F
2-2: Ground out 5-3 (Groundball, 56S, EV 85.6 MPH)
Bottom of the 2nd over - 0 runs, 0 hits, 0 errors, 0 left on base; Vermont 2 - Connecticut 0
TOP OF THE 3RD
Vermont Lake Monsters batting - Pitching for Connecticut Tigers : RHP Andy Miller
Batting: RHB Ricardo Mariscal 0-0: DOUBLE (Line Drive, 5D, EV 97.5 MPH)
Batting: RHB Carlos Martinez 0-0: Swinging Strike
0-1: Ball
1-1: Foul Ball, location: 2F
1-2: Ball
2-2: Foul Ball, location: 2F
2-2: Strikes out swinging
Batting: LHB Jose Zamarripa 0-0: Ball
1-0: Foul Ball, location: 2F
1-1: SINGLE (Line Drive, 78S, EV 105.0 MPH)
Ricardo Mariscal to third
Runner from 3rd tries for Home, SAFE, throw by LF to home
Batting: RHB Chris Montgomery 0-0: Ball
1-0: Called Strike
1-1: Called Strike
1-2: Ball
2-2: Foul Ball, location: 2F
2-2: Foul Ball, location: 2F
2-2: Foul Ball, location: 2F
2-2: Strikes out looking
Batting: LHB Youp van Erp 0-0: Ball
Passed Ball!
Jose Zamarripa to second
1-0: Ground out 4-3 (Groundball, 4, EV 92.5 MPH)
Top of the 3rd over - 1 run, 2 hits, 0 errors, 1 left on base; Vermont 3 - Connecticut 0
BOTTOM OF THE 3RD
Connecticut Tigers batting - Pitching for Vermont Lake Monsters : RHP Matt Constantino
Batting: RHB Brian Singer 0-0: Ball
1-0: Called Strike
1-1: Foul Ball, location: 2F
1-2: Ball
2-2: Foul Ball, location: 2F
2-2: Ball
3-2: Strikes out swinging
Batting: RHB Jeremy Guidone 0-0: Ball
1-0: SINGLE (Groundball, 6D, EV 95.6 MPH)
Batting: RHB John Welch 0-0: Called Strike
0-1: Called Strike
0-2: Ball
1-2: Ball
2-2: Strikes out swinging
Batting: SHB Adam Weber 0-0: Called Strike
0-1: Ball
1-1: Swinging Strike
1-2: Foul Ball, location: 2F
1-2: Ball
2-2: SINGLE (Line Drive, 8LS, EV 111.9 MPH)
Jeremy Guidone to second
Runner from 2nd tries for 3rd, SAFE, throw by CF made to third
Batting: RHB Eric Angelle 0-0: Foul Ball, location: 2F
0-1: Ball
1-1: Ball
2-1: Foul Ball, location: 2F
2-2: Ground out 6-3 (Groundball, 6S, EV 66.9 MPH)
Bottom of the 3rd over - 0 runs, 2 hits, 0 errors, 2 left on base; Vermont 3 - Connecticut 0
TOP OF THE 4TH
Vermont Lake Monsters batting - Pitching for Connecticut Tigers : RHP Andy Miller
Batting: RHB Lu Tieh 0-0: Ball
1-0: Ball
2-0: Reached on error, E2 (Groundball, 2L, EV 66.2 MPH)
Batting: RHB Yasuzo Rin 0-0: Ball
1-0: Called Strike
1-1: Called Strike
1-2: Strikes out swinging
Batting: LHB Mario Cardona 0-0: Ball
Lu Tieh steals 3rd base (no throw)
1-0: Foul Ball, location: 2F
1-1: Swinging Strike
1-2: Ball
2-2: Fly out, F7 (Flyball, 7, EV 89.4 MPH)
Runner from 3rd tags up, OUT at HOME! 7-2
Top of the 4th over - 0 runs, 0 hits, 1 error, 0 left on base; Vermont 3 - Connecticut 0
BOTTOM OF THE 4TH
Connecticut Tigers batting - Pitching for Vermont Lake Monsters : RHP Matt Constantino
Batting: RHB Tanner Purchase 0-0: Ball
1-0: Foul Ball, location: 2F
1-1: Foul Ball, location: 2F
1-2: Ball
2-2: Strikes out swinging
Batting: RHB Brandon O'Malley 0-0: Foul Ball, location: 2F
0-1: Ball
1-1: Fly out, F8 (Flyball, 8RM, EV 96.9 MPH)
Batting: RHB Jordan Hall 0-0: Foul Ball, location: 2F
0-1: Foul Ball, location: 2F
0-2: Ball
1-2: Ball
2-2: Ball
3-2: Foul Ball, location: 2F
3-2: Strikes out swinging
Bottom of the 4th over - 0 runs, 0 hits, 0 errors, 0 left on base; Vermont 3 - Connecticut 0
TOP OF THE 5TH
Vermont Lake Monsters batting - Pitching for Connecticut Tigers : RHP Andy Miller
Batting: RHB Liangde Tseng 0-0: Swinging Strike
0-1: SINGLE (Groundball, 6M, EV 109.4 MPH)
Batting: RHB Ricardo Mariscal 0-0: Ball
1-0: Foul Ball, location: 2F
1-1: Swinging Strike
1-2: Ball
2-2: DOUBLE (Line Drive, 7LD, EV 111.9 MPH)
Liangde Tseng to third
Batting: RHB Carlos Martinez 0-0: Ground out 6-3 (Groundball, 6, EV 79.4 MPH)
Liangde Tseng scores
Ricardo Mariscal to third
Batting: LHB Jose Zamarripa 0-0: Foul Ball, location: 2F
0-1: Called Strike
0-2: Ball
1-2: Strikes out swinging
Batting: RHB Chris Montgomery 0-0: Ball
1-0: Foul Ball, location: 2F
1-1: Swinging Strike
1-2: Ball
2-2: Foul Ball, location: 2F
2-2: Foul Ball, location: 2F
2-2: SINGLE (Flyball, 8LS, EV 94.4 MPH)
Ricardo Mariscal scores
Batting: LHB Youp van Erp 0-0: Ball
1-0: Ball
2-0: Foul Ball, location: 2F
2-1: Ball
3-1: SINGLE (Flyball, 8LS, EV 97.5 MPH)
Chris Montgomery to second
Pitching: RHP Tony Kepp
Batting: RHB Lu Tieh 0-0: Called Strike
0-1: Ball
1-1: Swinging Strike
1-2: Ball
2-2: Foul Ball, location: 2F
2-2: Strikes out swinging
Top of the 5th over - 2 runs, 4 hits, 0 errors, 2 left on base; Vermont 5 - Connecticut 0
BOTTOM OF THE 5TH
Connecticut Tigers batting - Pitching for Vermont Lake Monsters : RHP Matt Constantino
Batting: RHB Billy Verdusco 0-0: Called Strike
0-1: Ball
1-1: Called Strike
1-2: Strikes out swinging
Batting: RHB Brian Singer 0-0: Ground out 5-3 (Groundball, 56S, EV 91.2 MPH)
Batting: RHB Jeremy Guidone 0-0: Called Strike
0-1: Foul Ball, location: 2F
0-2: Strikes out swinging
Bottom of the 5th over - 0 runs, 0 hits, 0 errors, 0 left on base; Vermont 5 - Connecticut 0
TOP OF THE 6TH
Vermont Lake Monsters batting - Pitching for Connecticut Tigers : RHP Tony Kepp
Batting: RHB Yasuzo Rin 0-0: Called Strike
0-1: Called Strike
0-2: Ball
1-2: Reached on error, E5 (Groundball, 56S, EV 81.2 MPH)
Batting: LHB Mario Cardona 0-0: Ball
1-0: Ball
2-0: Ball
3-0: Base on Balls
Batting: RHB Liangde Tseng 0-0: Ball
1-0: DOUBLE (Line Drive, 7LM, EV 104.4 MPH)
Yasuzo Rin scores
Mario Cardona to third
Batting: RHB Ricardo Mariscal 0-0: Ball
1-0: Ball
2-0: Ball
3-0: Called Strike
3-1: Base on Balls
Batting: RHB Carlos Martinez 0-0: Fly out, F9 (Flyball, 9LM, EV 102.5 MPH)
Batting: LHB Jose Zamarripa 0-0: Called Strike
0-1: Ball
1-1: Foul Ball, location: 2F
1-2: SINGLE (Groundball, 4D, EV 98.8 MPH)
Mario Cardona scores
Liangde Tseng to third
Ricardo Mariscal to second
Batting: RHB Chris Montgomery 0-0: Ball
1-0: Fly out, F8 (Flyball, 89D, EV 93.8 MPH)
Runner from 3rd tags up, SCORES, throw by CF
Ricardo Mariscal to third
Batting: LHB Youp van Erp 0-0: Swinging Strike
0-1: Ball
1-1: Swinging Strike
1-2: Fielders Choice at 2nd, 6-4 (Groundball, 56, EV 101.9 MPH)
Top of the 6th over - 3 runs, 2 hits, 1 error, 2 left on base; Vermont 8 - Connecticut 0
BOTTOM OF THE 6TH
Connecticut Tigers batting - Pitching for Vermont Lake Monsters : RHP Matt Constantino
Batting: RHB John Welch 0-0: Ball
1-0: Called Strike
1-1: Ground out 6-3 (Groundball, 6, EV 86.2 MPH)
Batting: SHB Adam Weber 0-0: Ball
1-0: Ball
2-0: Called Strike
2-1: Ball
3-1: Base on Balls
Pitching: RHP Aaron Garard
Batting: RHB Eric Angelle 0-0: Ball
1-0: Fielders Choice at 2nd, 6-4 (Groundball, 6, EV 84.4 MPH)
Batting: RHB Tanner Purchase 0-0: Called Strike
0-1: Swinging Strike
0-2: Fly out, F9 (Flyball, 9, EV 84.4 MPH)
Bottom of the 6th over - 0 runs, 0 hits, 0 errors, 1 left on base; Vermont 8 - Connecticut 0
TOP OF THE 7TH
Vermont Lake Monsters batting - Pitching for Connecticut Tigers : RHP Tony Kepp
Pitching: LHP Neil Palazzo
Batting: RHB Lu Tieh 0-0: Ground out 5-3 (Groundball, 56, EV 82.5 MPH)
Batting: RHB Yasuzo Rin 0-0: Ball
1-0: Foul Ball, location: 2F
1-1: Ground out 5-3 (Groundball, 56S, EV 90.0 MPH)
Pinch Hitting: RHB Casey Nicita 0-0: Foul Ball, location: 2F
0-1: Ball
1-1: Swinging Strike
1-2: Ball
2-2: Reached via error on a dropped throw from 1B, E1 (Groundball, 34, EV 83.8 MPH)
Batting: RHB Liangde Tseng 0-0: Ball
1-0: Single, Error in OF, E9, batter to second base (Line Drive, 3D, EV 99.4 MPH)
Casey Nicita to third
Pinch Hitting: LHB Oscar Rodriguez 0-0: Called Strike
0-1: Ball
Wild Pitch!
Casey Nicita scores
Liangde Tseng to third
1-1: Called Strike
1-2: Ball
2-2: Strikes out swinging
Top of the 7th over - 1 run, 1 hit, 2 errors, 1 left on base; Vermont 9 - Connecticut 0
BOTTOM OF THE 7TH
Connecticut Tigers batting - Pitching for Vermont Lake Monsters : RHP Aaron Garard
Now at 1B: Casey Nicita
Now in RF: Oscar Rodriguez
Batting: RHB Brandon O'Malley 0-0: Called Strike
0-1: Ball
1-1: Foul Ball, location: 2F
1-2: Ball
2-2: Ball
3-2: Strikes out swinging, 2-3 out at first.
Batting: RHB Jordan Hall 0-0: Foul Ball, location: 2F
0-1: Ball
1-1: Called Strike
1-2: Strikes out swinging
Batting: RHB Billy Verdusco 0-0: Called Strike
0-1: SINGLE (Groundball, 4M, EV 105.0 MPH) (infield hit)
Batting: RHB Brian Singer 0-0: Called Strike
Billy Verdusco steals 2nd base
0-1: Ground out 5-3 (Groundball, 56S, EV 68.8 MPH)
Bottom of the 7th over - 0 runs, 1 hit, 0 errors, 1 left on base; Vermont 9 - Connecticut 0
TOP OF THE 8TH
Vermont Lake Monsters batting - Pitching for Connecticut Tigers : LHP Neil Palazzo
Batting: RHB Carlos Martinez 0-0: Called Strike
0-1: Ball
1-1: Called Strike
1-2: Ground out 4-3 (Groundball, 34, EV 81.9 MPH)
Pitching: RHP Juan Murillo
Batting: LHB Jose Zamarripa 0-0: Ball
1-0: Ball
2-0: Ball
3-0: Called Strike
3-1: Base on Balls
Batting: RHB Chris Montgomery 0-0: Ball
1-0: Grounds into double play, 6-4-3 (Groundball, 6, EV 105.0 MPH)
Top of the 8th over - 0 runs, 0 hits, 0 errors, 0 left on base; Vermont 9 - Connecticut 0
BOTTOM OF THE 8TH
Connecticut Tigers batting - Pitching for Vermont Lake Monsters : RHP Aaron Garard
Batting: RHB Jeremy Guidone 0-0: Ground out 5-3 (Groundball, 5, EV 83.8 MPH)
Batting: RHB John Welch 0-0: Fly out, F9 (Line Drive, 9D, EV 88.8 MPH)
Batting: SHB Adam Weber 0-0: Ball
1-0: SINGLE (Line Drive, 4D, EV 98.8 MPH)
Batting: RHB Eric Angelle 0-0: Called Strike
0-1: Ball
1-1: Fielders Choice at 2nd, 5-4 (Groundball, 5, EV 103.8 MPH)
Bottom of the 8th over - 0 runs, 1 hit, 0 errors, 1 left on base; Vermont 9 - Connecticut 0
TOP OF THE 9TH
Vermont Lake Monsters batting - Pitching for Connecticut Tigers : RHP Juan Murillo
Batting: LHB Youp van Erp 0-0: Ball
1-0: Ball
2-0: Ball
3-0: Base on Balls
Batting: RHB Lu Tieh 0-0: Ball
1-0: Ball
2-0: Fly out, F8 (Flyball, 8RS, EV 90.0 MPH)
Batting: RHB Yasuzo Rin 0-0: Ball
1-0: Fielders Choice at 2nd, 3-6 (Groundball, 34S, EV 91.9 MPH)
Batting: RHB Casey Nicita 0-0: Ball
1-0: Ball
2-0: Ball
3-0: Called Strike
3-1: Base on Balls
Yasuzo Rin to second
Pitching: LHP Chris Woodruff
Batting: RHB Liangde Tseng 0-0: Called Strike
0-1: Ball
1-1: Ball
2-1: Foul Ball, location: 2F
2-2: Ball
3-2: Base on Balls
Yasuzo Rin to third
Casey Nicita to second
Batting: LHB Oscar Rodriguez 0-0: Called Strike
0-1: Swinging Strike
0-2: Ball
1-2: Strikes out swinging
Top of the 9th over - 0 runs, 0 hits, 0 errors, 3 left on base; Vermont 9 - Connecticut 0
BOTTOM OF THE 9TH
Connecticut Tigers batting - Pitching for Vermont Lake Monsters : RHP Aaron Garard
Batting: RHB Tanner Purchase 0-0: Ball
1-0: Foul Ball, location: 2F
1-1: TRIPLE (Flyball, 89XD, EV 103.1 MPH)
Batting: RHB Brandon O'Malley 0-0: Foul Ball, location: 2F
0-1: Ball
1-1: Ball
2-1: Foul Ball, location: 2F
2-2: DOUBLE (Line Drive, 9LS, EV 104.4 MPH)
Tanner Purchase scores
Batting: RHB Jordan Hall 0-0: Ball
1-0: Ball
2-0: Called Strike
2-1: Called Strike
2-2: SINGLE (Groundball, 6MD, EV 94.4 MPH)
Brandon O'Malley to third
Batting: RHB Billy Verdusco 0-0: Ball
1-0: Foul Ball, location: 2F
1-1: SINGLE (Line Drive, 34D, EV 100.0 MPH)
Brandon O'Malley scores
Jordan Hall to second
Pinch Hitting: LHB Miguel Bojorquez 0-0: Called Strike
0-1: Foul Ball, location: 2F
0-2: Strikes out swinging
Pitching: RHP Kevin Endsley
Pinch Hitting: RHB John Evancho 0-0: Fielders Choice at 2nd, 5-4 (Groundball, 56, EV 83.1 MPH)
Jordan Hall to third
Batting: RHB John Welch 0-0: Swinging Strike
0-1: Foul Ball, location: 2F
0-2: Ball
1-2: Strikes out swinging
Bottom of the 9th over - 2 runs, 4 hits, 0 errors, 2 left on base; Vermont 9 - Connecticut 2
Thursday, March 31st , 2022 - OOTP Baseball 22.12 Build 89